[Event "DEN-ch LH 2020"]
[Site "Svendborg"]
[Date "2020.10.09"]
[Round "1.1"]
[White "Hansen, Sune Berg"]
[Black "Bjerre, Jonas Buhl"]
[Result "1-0"]
[ECO "A45"]
[WhiteElo "2557"]
[BlackElo "2559"]
[Annotator "ChessBase"]
[PlyCount "79"]
[EventDate "2020.10.09"]
[EventType "tourn"]
[EventCountry "DEN"]
[SourceTitle "playchess.com"]
[Source "ChessBase"]
[SourceQuality "1"]
[TimeControl "40/5400+30:1800+30"]

1. d4 Nf6 2. Bf4 d5 3. e3 e6 4. Nd2 Bd6 5. Bg3 O-O 6. Bd3 b6 7. Qe2 c5 8. c3 Bb7 9. Ngf3 Nc6 10. Rd1 Re8 11. e4 Be7 12. e5 Nh5 13. a3 a5 14. Nf1 g6 15. Ne3 a4 16. Ng4 Na5 17. O-O Rc8 18. Rfe1 Kh8 19. dxc5 bxc5 20. Qe3 Bc6 21. Bf4 Nb3 22. Bh6 d4 23. cxd4 cxd4 24. Qe2 Rc7 25. Bb5 Bxb5 26. Qxb5 Qd7 27. Qd3 Rd8 28. Ng5 Bf8 29. Bxf8 Rxf8 30. Qh3 Qb5 31. Nf6 Rg8 32. Nxg8 Kxg8 33. g4 Nf6 34. Qh6 Nd5 35. Nxh7 Qe8 36. Nf6+ Nxf6 37. exf6 Qf8 38. Qh4 Qa8 39. Rd3 Nc1 40. Qh6 1-0

[Event "DEN-ch LH 2020"]
[Site "Svendborg"]
[Date "2020.10.09"]
[Round "1.2"]
[White "Rasmussen, Allan Stig"]
[Black "Fries-Nielsen, Jens Ove"]
[Result "1-0"]
[ECO "C60"]
[WhiteElo "2559"]
[BlackElo "2380"]
[Annotator "ChessBase"]
[PlyCount "47"]
[EventDate "2020.10.09"]
[EventType "tourn"]
[EventCountry "DEN"]
[SourceTitle "playchess.com"]
[Source "ChessBase"]
[SourceQuality "1"]
[TimeControl "40/5400+30:1800+30"]

1. e4 e5 2. Nf3 Nc6 3. Bb5 Nge7 4. c3 g6 5. d4 exd4 6. cxd4 Bg7 7. O-O O-O 8. Nc3 a6 9. Ba4 b5 10. Bc2 d6 11. h3 h6 12. Re1 Bb7 13. Bf4 Na5 14. Rc1 Nc4 15. b3 Nb6 16. Qd2 g5 17. Be3 f5 18. d5 fxe4 19. Bxe4 b4 20. Ne2 Nbxd5 21. Bd4 Rf7 22. Bxg7 Rxg7 23. Ned4 Qd7 24. Nf5 1-0

[Event "DEN-ch LH 2020"]
[Site "Svendborg"]
[Date "2020.10.09"]
[Round "1.3"]
[White "Thybo, Jesper Sondergaard"]
[Black "Chatalbashev, Boris"]
[Result "0-1"]
[ECO "B00"]
[WhiteElo "2573"]
[BlackElo "2522"]
[Annotator "ChessBase"]
[PlyCount "62"]
[EventDate "2020.10.09"]
[EventType "tourn"]
[EventCountry "DEN"]
[SourceTitle "playchess.com"]
[Source "ChessBase"]
[SourceQuality "1"]
[TimeControl "40/5400+30:1800+30"]

1. e4 d6 2. d4 Nf6 3. f3 c5 4. d5 e6 5. c4 exd5 6. cxd5 Be7 7. Nc3 O-O 8. Bd3 Nbd7 9. Nge2 a6 10. a4 Rb8 11. O-O Ne5 12. Bc2 b5 13. f4 Ng6 14. axb5 axb5 15. e5 Ne8 16. e6 f5 17. g4 b4 18. Bxf5 bxc3 19. bxc3 c4 20. Be3 Bb7 21. Ra7 Nf6 22. Bf2 Qc8 23. Qd2 Nxd5 24. Rb1 Bc6 25. Rba1 Nc7 26. Nd4 Bd5 27. Nc2 Rb7 28. Rxb7 Bxb7 29. h4 Bxh4 30. e7 Rxf5 31. gxf5 Qxf5 0-1

[Event "DEN-ch LH 2020"]
[Site "Svendborg"]
[Date "2020.10.09"]
[Round "1.4"]
[White "Andersen, Mads"]
[Black "Ochsner, Bjorn Moller"]
[Result "1/2-1/2"]
[ECO "A21"]
[WhiteElo "2577"]
[BlackElo "2482"]
[Annotator "ChessBase"]
[PlyCount "110"]
[EventDate "2020.10.09"]
[EventType "tourn"]
[EventCountry "DEN"]
[SourceTitle "playchess.com"]
[Source "ChessBase"]
[SourceQuality "1"]
[TimeControl "40/5400+30:1800+30"]

1. c4 e5 2. Nc3 Bb4 3. Nd5 a5 4. Nf3 d6 5. a3 Bc5 6. e3 Nf6 7. d4 Nxd5 8. cxd5 exd4 9. exd4 Bb6 10. Bg5 f6 11. Be3 O-O 12. Bd3 f5 13. Qc2 Nd7 14. Bxf5 Nf6 15. Bd3 h6 16. Bc4 Qe8 17. O-O-O Bd7 18. h3 Bb5 19. Bb3 a4 20. Ba2 Qe4 21. Nd2 Qxc2+ 22. Kxc2 Be8 23. Nc4 Ba7 24. Na5 Bf7 25. Kb1 Bxd5 26. Rc1 Bxa2+ 27. Kxa2 Nd5 28. Rhd1 Rf5 29. Nc4 b5 30. Nd2 Bb6 31. Nf3 Kf7 32. Kb1 Re8 33. Rd3 g5 34. Rc2 Kg6 35. Kc1 Rf7 36. b3 Rfe7 37. Bd2 Ra8 38. Be3 axb3 39. Rxb3 Ra4 40. Kd2 Ba5+ 41. Ke2 Rc4 42. Rbb2 c6 43. Kd3 Ra4 44. Rxc6 Rxa3+ 45. Ke2 Nc3+ 46. Rxc3 Bxc3 47. Rxb5 Ba5 48. Rd5 Bb4 49. Rb5 Ra4 50. Rb6 Kh7 51. Kd3 Rc7 52. Ke4 Ba3 53. Kf5 Re7 54. h4 gxh4 55. Nxh4 Ra8 1/2-1/2

[Event "DEN-ch LH 2020"]
[Site "Svendborg"]
[Date "2020.10.09"]
[Round "1.5"]
[White "Brondt, Nicolai Kvist"]
[Black "Haubro, Martin"]
[Result "1/2-1/2"]
[ECO "A80"]
[WhiteElo "2226"]
[BlackElo "2423"]
[Annotator "ChessBase"]
[PlyCount "73"]
[EventDate "2020.10.09"]
[EventType "tourn"]
[EventCountry "DEN"]
[SourceTitle "playchess.com"]
[Source "ChessBase"]
[SourceQuality "1"]
[TimeControl "40/5400+30:1800+30"]

1. d4 f5 2. Nf3 Nf6 3. g3 g6 4. Bg2 Bg7 5. O-O O-O 6. Nbd2 d6 7. Re1 Nc6 8. e4 fxe4 9. Nxe4 Nxe4 10. Rxe4 Bf5 11. Re1 Qd7 12. c3 Kh8 13. Bf4 Rae8 14. Qd2 Nd8 15. Bh6 Bg4 16. Bxg7+ Kxg7 17. Re3 Rf6 18. Ng5 h6 19. Ne4 Rf7 20. Rae1 b6 21. f4 Bh3 22. Bh1 Qb5 23. Nf2 Bc8 24. Qe2 Qxe2 25. R3xe2 e6 26. Nd3 Ba6 27. Re3 Bxd3 28. Rxd3 g5 29. fxg5 hxg5 30. Bg2 Rf6 31. Rde3 Kf7 32. Re4 Kg6 33. Bh3 Re7 34. Bg4 Kh6 35. Kg2 Kg6 36. R4e2 c5 37. a3 1/2-1/2

[Event "DEN-ch LH 2020"]
[Site "Svendborg"]
[Date "2020.10.13"]
[Round "5.2"]
[White "Brondt, Nicolai Kvist"]
[Black "Thybo, Jesper Sondergaard"]
[Result "1-0"]
[ECO "A40"]
[WhiteElo "2226"]
[BlackElo "2573"]
[Annotator "RC"]
[PlyCount "85"]
[EventDate "2020.10.09"]
[EventType "tourn"]
[EventCountry "DEN"]
[SourceTitle "playchess.com"]
[Source "ChessBase"]
[SourceQuality "1"]
[TimeControl "40/5400+30:1800+30"]

1. d4 g6 2. c4 Bg7 3. Nf3 d6 4. Nc3 Nd7 5. e4 e5 6. Be2 Ne7 7. O-O O-O 8. Re1 h6 9. Bf1 f5 10. dxe5 dxe5 11. b3 b6 12. Bb2 Bb7 13. Qe2 c5 14. Nd5 Nc6 15. Rad1 Rf7 16. Rd2 Rc8 17. Red1 Qe8 18. Nh4 f4 19. Qg4 Nd4 20. Qxg6 Rc6 21. Qh5 Nf6 22. Nxf6+ Rcxf6 23. Bd3 Qc6 24. Bxd4 exd4 25. e5 Re6 26. Re1 Rfe7 27. Rde2 Qe8 28. Qf5 Bh8 29. Qg4+ Rg7 30. Qxf4 Qh5 31. Qf5 Qe8 32. Qh3 Ree7 33. f4 Qh5 34. Be4 Bxe4 35. Rxe4 d3 36. Qxd3 Qxh4 37. f5 Qg5 38. Qf3 Ref7 39. Rf4 Kh7 40. e6 Rf8 41. f6 Rg6 42. e7 Rfxf6 43. Rxf6 1-0